 Dungeon Crawl Stone Soup version 0.26-a0-712-ga5a9c9c9d0 (webtiles) character file.

Game seed: 10484268730136886903

19 Azzok the Chopper (level 2, -3/24 HPs)
             Began as a Demonspawn Berserker on Nov 8, 2020.
             Was a Follower of Trog.
             Slain by a goblin
             ... wielding a +0 club
              (4 damage)
             ... on level 1 of the Dungeon.
             The game lasted 00:00:27 (352 turns).

Azzok the Chopper (Demonspawn Berserker)             Turns: 352, Time: 00:00:27

Health: -3/24      AC:  2    Str: 17    XL:     2   Next: 55%
Magic:  2/2        EV: 12    Int:  8    God:    Trog [*.....]
Gold:   31         SH:  0    Dex: 12    Spells: 1/1 levels left

rFire    . . .     SeeInvis .   a - +0 hand axe
rCold    . . .     Faith    .   (no shield)
rNeg     . . .     Spirit   .   b - +0 animal skin
rPois    .         Reflect  .   (no helmet)
rElec    .         Harm     .   (no cloak)
rCorr    .         Rampage  .   (no gloves)
MR       .....                  (no boots)
Stlth    +.........             (no amulet)
HPRegen  0.08/turn              (no ring)
MPRegen  0.08/turn              (no ring)

@: berserk cooldown, slowed, very slow
A: sturdy frame 1
a: Berserk, Renounce Religion


You were on level 1 of the Dungeon.
You worshipped Trog.
Trog was aware of your devotion.
You visited 1 branch of the dungeon, and saw 1 of its levels.

You collected 31 gold pieces.

Inventory:

Hand Weapons
 a - a +0 hand axe (weapon)
Armour
 b - a +0 animal skin (worn)
Scrolls
 d - 2 scrolls of fear {unknown}
Potions
 c - a potion of lignification {unknown}


   Skills:
 - Level 3.0 Fighting
 + Level 3.6 Axes
 - Level 1.7 Armour
 - Level 1.7 Dodging


You had one spell level left.
You didn't know any spells.
Your spell library was empty.

Dungeon Overview and Level Annotations

Branches:
Dungeon (1/15)

Altars:


Innate Abilities, Weirdness & Mutations

Your movements are slightly less encumbered by armour. (ER -2)


Message History

You slash the dart slug!
You kill the dart slug!
Trog accepts your kill.
You feel a strong urge to attack something.
You are no longer berserk.
You are exhausted.
You feel yourself slow down.
A goblin comes into view. It is wielding a +0 club.
A goblin is nearby!
A goblin is nearby!
The goblin shouts!
Things that are here:
a +0 club; a +0 club; a hobgoblin corpse A goblin is nearby!
The goblin hits you with a +0 club.
* * * LOW HITPOINT WARNING * * *
You barely miss the goblin. The goblin misses you.
You barely miss the goblin. The goblin hits you but does no damage.
The goblin hits you with a +0 club.
You die...

·▒·········▒†▒·▒ ▒·▒▒▒···▒▒
·▒▒▒▒▒▒▒▒▒▒▒·▒·▒·▒·······=▒
··†··········▒·▒···†g···▒·▒▒▒
·▒▒▒▒▒▒▒▒▒▒··▒·▒▒▒▒···†······
'▒▒▒▒ ▒··▒·▒··)·········▒
····▒ ▒··▒·▒·▒▒·········▒
····▒ ▒··▒·▒·▒▒·········▒
····▒ ▒··▒·▒g▒▒·········▒
····▒ ▒··▒·▒@▒▒▒▒▒▒▒▒····
····▒ ▒··▒·▒·▒ ▒▒▒▒ ····▒
▒··▒·▒·▒▒▒▒▒▒▒▒▒▒▒ ····▒
▒··▒·▒········)··▒ ▒▒▒▒▒
▒··▒·▒▒▒▒▒▒▒▒▒▒▒·▒ ▒··▒·▒ ▒·▒
▒··▒·▒ ▒·▒ ▒▒▒▒·▒ ▒·▒ ▒·▒ ▒·▒


You could see a goblin.

Vanquished Creatures
  2 dart slugs (D:1)
  A leopard gecko (D:1)
  3 giant cockroaches (D:1)
  4 goblins (D:1)
  A hobgoblin (D:1)
  2 frilled lizards (D:1)
13 creatures vanquished.

Notes
Turn   | Place    | Note
-------+----------+-------------------------------------------
     0 | D:1      | Azzok the Demonspawn Berserker began the quest for the Orb.
     0 | D:1      | Reached XP level 1. HP: 18/18 MP: 1/1
   300 | D:1      | Gained mutation: Your movements are slightly less
                  | encumbered by armour. (ER -2) [demonic ancestry]
   300 | D:1      | Reached XP level 2. HP: 24/24 MP: 2/2
   350 | D:1      | HP: 1/24 [goblin/+0 club (3)]
   352 | D:1      | Slain by a goblin

Illustrated notes

Levels and vault maps discovered:
D:1:      dpeg_arrival_short_road, layout_basic, minmay_tree_intersection,
          chequers_arboretum, corexii_leaking_fountain, skrybe_limestone_x

Skill      XL: |  1 |
---------------+----+-----
Axes           | 3 |  3.6
Fighting       | |  3.0
Armour         | |  1.7
Dodging        | |  1.7

Action                   || total
-------------------------++-------
Melee: Hand axe          ||    29
Invok: Berserk           ||     1
 Stab: Sleeping          ||     2
Armor: Animal skin       ||     4
Dodge: Dodged            ||    25

Table legend: (Time is in decaauts)
 A = Elapsed time spent in this place.
 B = Non-inter-level travel time spent in this place.
 C = Inter-level travel time spent in this place.
 D = Time resting spent in this place.
 E = Time spent auto-exploring this place.
 F = Levels seen in this place.
 G = Mean time per level.
                   A        B        C        D        E       F      G
               +--------+--------+--------+--------+--------+-----+--------+
         Total |    359 |    359 |      0 |      4 |    258 |   1 |  359.0 |
       Dungeon |    359 |    359 |      0 |      4 |    258 |   1 |  359.0 |
               +--------+--------+--------+--------+--------+-----+--------+

Top non-repeatable levels by time:
     D:1: 359 daAuts
